Map: Orbital Shipyard

Players

ILLBdA

  • Race: Protoss Protoss
  • League: Diamond

질주 - Winner!

  • Race: Zerg Zerg
  • League: Diamond

VOD

Have the link to the VOD?

Description

Time

  • Played on: Dec. 23, 2015, 2:26 a.m.
  • Length: 10:13
Show
View Real Time Build Order
Export as new Build Order

ILLBdA Protoss 

Build Orders: Cannon Rush 

Get SALT Encoding   

  12  0:01  Probe (Chrono Boost)  
  13  0:12  Probe (Chrono Boost)  
  14  0:22  Probe (Chrono Boost), Pylon  
  15  0:40  Probe (Chrono Boost)  
  15  0:42  Forge  
  16  0:50  Probe (Chrono Boost)  
  17  1:05  Probe (Chrono Boost)  
  18  1:27  Pylon  
  18  1:29  Pylon  
  18  1:33  Pylon  
  18  1:35  Pylon  
  18  1:41  Probe (Chrono Boost)  
  19  1:50  Photon Cannon  
  19  1:52  Photon Cannon  
  19  1:55  Probe (Chrono Boost)  
  19  1:59  Photon Cannon  
  19  2:23  Nexus, Pylon  
  19  2:34  Probe (Chrono Boost), Gateway  
  19  2:39  Photon Cannon  
  19  2:46  Pylon  
  19  2:49  Probe (Chrono Boost)  
  20  2:59  Probe (Chrono Boost)  
  20  3:04  Assimilator  
  21  3:05  Assimilator  
  21  3:10  Probe (Chrono Boost)  
  22  3:20  Probe (Chrono Boost)  
  23  3:28  Cybernetics Core  
  23  3:31  Probe (Chrono Boost)  
  23  3:32  Zealot  
  26  3:36  Probe (Chrono Boost)  
  27  3:41  Probe (Chrono Boost)  
  29  3:48  Probe (Chrono Boost)  
  29  3:57  Probe (Chrono Boost)  
  29  3:59  Probe (Chrono Boost)  
  31  4:07  Probe (Chrono Boost)  
  31  4:08  Stargate  
  32  4:11  Assimilator  
  32  4:13  Stalker (Chrono Boost)  
  32  4:15  Probe  
  34  4:18  Probe  
  34  4:20  Assimilator  
  34  4:23  Warp Gate  
  36  4:26  Probe  
  36  4:30  Probe (Chrono Boost)  
  38  4:37  Probe (Chrono Boost)  
  39  4:42  Probe (Chrono Boost)  
  40  4:48  Probe (Chrono Boost)  
  40  4:51  Probe (Chrono Boost), Oracle (Chrono Boost)  
  44  4:56  Pylon  
  45  5:02  Probe  
  46  5:07  Pylon  
  46  5:13  Stargate  
  46  5:18  Probe  
  47  5:22  Phoenix (Chrono Boost)  
  49  5:29  Probe  
  49  5:31  Pylon  
  49  5:32  Mothership Core  
  52  5:41  Probe  
  53  5:43  Fleet Beacon  
  53  5:52  Probe  
  53  5:56  Phoenix (Chrono Boost)  
  56  6:03  Probe  
  59  6:04  Phoenix (Chrono Boost)  
  59  6:18  Phoenix (Chrono Boost)  
  61  6:24  Gateway  
  61  6:25  Gateway  
  61  6:29  Gateway  
  67  6:48  Pylon  
  67  6:51  Gateway  
  67  6:53  Gateway  
  67  6:56  Stalker, Gateway  
  69  7:02  Pylon  
  69  7:15  Phoenix (Chrono Boost)  
  73  7:18  Phoenix (Chrono Boost)  
  73  7:20  Pylon  
  73  7:26  Stalker x4  
  81  7:54  Void Ray (Chrono Boost)  
  81  7:55  Zealot x3  
  81  7:56  Zealot x3  
  101  8:00  Pylon, Void Ray (Chrono Boost)  
  101  8:21  Pylon  
  101  8:28  Stalker x2  
  101  8:29  Stalker x2  
  101  8:32  Pylon  
  109  8:35  Probe  
  109  8:39  Pylon  
  109  8:40  Adept x3  
  116  8:52  Pylon  
  116  8:59  Sentry, Adept  
  116  9:00  Stalker  
  122  9:08  Adept x3  
  122  9:09  Adept  
  128  9:33  Adept  
  128  9:34  Adept x4  
Show
View Real Time Build Order
Export as new Build Order

질주 Zerg - Winner!

Build Orders: Hatch First 

Get SALT Encoding   

  12  0:01  Drone  
  13  0:13  Overlord  
  13  0:18  Drone  
  14  0:31  Drone x2  
  16  0:37  Drone  
  17  0:57  Hatchery  
  17  1:02  Drone  
  17  1:06  Drone  
  18  1:21  Spawning Pool  
  17  2:07  Zergling x6  
  20  2:11  Zergling x2  
  21  2:40  Drone  
  21  2:41  Drone x3  
  21  2:42  Drone  
  24  2:49  Zergling x2  
  23  2:56  Queen  
  25  3:13  Hatchery  
  25  3:18  Drone, Extractor  
  25  3:19  Drone  
  25  3:20  Drone  
  26  3:29  Drone  
  26  3:30  Overlord  
  27  3:44  Overlord  
  27  3:48  Queen  
  27  3:52  Drone  
  27  3:54  Drone x4  
  34  4:03  Queen  
  34  4:05  Drone  
  37  4:10  Drone  
  37  4:15  Drone x2  
  40  4:18  Drone  
  40  4:20  Drone  
  40  4:22  Metabolic Boost  
  42  4:26  Queen  
  42  4:30  Drone  
  45  4:31  Drone  
  45  4:35  Drone  
  45  4:36  Drone  
  45  4:37  Drone  
  49  4:40  Spore Crawler  
  49  4:45  Spore Crawler, Drone  
  48  4:47  Overlord  
  48  4:52  Overlord  
  48  4:56  Spore Crawler  
  48  4:59  Drone x2  
  49  5:08  Drone x5  
  49  5:09  Drone x2  
  49  5:10  Drone  
  49  5:12  Drone  
  58  5:16  Drone  
  58  5:17  Drone  
  58  5:18  Drone  
  58  5:19  Drone  
  62  5:22  Drone  
  62  5:23  Extractor  
  62  5:26  Drone, Extractor  
  62  5:29  Drone  
  62  5:30  Drone  
  62  5:32  Drone  
  62  5:34  Overlord  
  65  5:38  Lair  
  65  5:41  Overlord  
  65  5:42  Roach Warren  
  62  5:52  Drone  
  62  5:56  Overlord  
  63  6:01  Extractor  
  62  6:05  Drone  
  62  6:07  Drone  
  62  6:09  Hatchery  
  62  6:10  Drone x6  
  69  6:16  Drone x5  
  74  6:19  Extractor x2  
  74  6:22  Drone  
  74  6:23  Drone x4  
  74  6:25  Spore Crawler  
  76  6:34  Overlord  
  76  6:37  Overlord  
  76  6:39  Overlord  
  76  6:41  Drone  
  76  6:42  Drone x5  
  76  6:46  Overlord  
  82  6:52  Hydralisk Den  
  82  6:54  Evolution Chamber, Overlord  
  81  6:55  Overseer  
  81  6:56  Roach  
  81  6:57  Evolution Chamber, Roach x6  
  93  7:16  Glial Reconstitution  
  93  7:22  Hydralisk x3  
  95  7:23  Hydralisk x5  
  95  7:25  Hydralisk x3  
  115  7:30  Muscular Augments  
  115  7:31  Hydralisk  
  115  7:32  Hydralisk  
  115  7:34  Hydralisk  
  121  7:42  Hydralisk x2  
  125  7:44  Overlord  
  125  7:45  Overlord  
  123  7:52  Overlord  
  123  7:57  Overlord  
  123  7:59  Hydralisk  
  123  8:01  Zerg Missile Weapons Level 1  
  123  8:02  Zerg Ground Armor Level 1  
  123  8:04  Hydralisk  
  127  8:05  Hydralisk  
  127  8:10  Overlord  
  127  8:11  Overlord  
  129  8:13  Roach x4  
  129  8:14  Roach  
  129  8:17  Overlord, Roach  
  129  8:19  Roach x2  
  144  8:20  Roach  
  144  8:24  Overlord x2  
  144  8:26  Roach  
  148  8:27  Roach  
  148  8:30  Roach  
  148  8:32  Overlord x2  
  152  8:44  Hatchery  
  152  8:48  Roach x4  
  153  8:49  Roach x2  
  153  8:55  Roach  
  165  9:02  Overlord  
  165  9:06  Roach x6  
  165  9:07  Roach  
  165  9:09  Roach  
  181  9:11  Roach  
  181  9:12  Roach  
  181  9:14  Overlord  
  181  9:16  Overseer x2  
  185  9:18  Overseer  
  172  9:24  Roach  
  172  9:29  Hydralisk x4  
  172  9:30  Hydralisk  
  174  9:34  Hydralisk x2  
  168  9:41  Hydralisk  
  168  9:42  Hydralisk  
  168  9:43  Hydralisk  
  168  9:44  Zergling x2  
  168  9:45  Zergling x6  
  178  9:49  Overlord  
Tags
 
Add a new tag
Caveats
  • Supply blocks, unpowered buildings, or Contaminate may cause inaccurate times.
  • Supply counts are checked every 10 seconds.